[Event "Olympiad-42"]
[Site "Baku"]
[Date "2016.09.10"]
[Round "8.1"]
[White "Fier, Alexandr"]
[Black "Nikolov, Momchil"]
[Result "1-0"]
[ECO "D32"]
[WhiteElo "2634"]
[BlackElo "2585"]
[Annotator "Fier,A"]
[PlyCount "125"]
[EventDate "2016.09.02"]
[EventType "team-swiss"]
[EventRounds "11"]
[EventCountry "AZE"]
[SourceTitle "CBM 175"]
[Source "ChessBase"]
[SourceDate "2016.11.10"]
[SourceVersion "1"]
[SourceVersionDate "2016.11.10"]
[SourceQuality "1"]
[WhiteTeam "Brazil"]
[BlackTeam "Bulgaria"]
[WhiteTeamCountry "BRA"]
[BlackTeamCountry "BUL"]
[TimeControl "40/5400+30:1800+30"]

1. d4 Nf6 2. c4 e6 3. Nf3 d5 4. Nc3 c5 5. e3 Nc6 6. cxd5 exd5 7. Bb5 cxd4 8.
Nxd4 Bd7 {[%emt 0:00:40] During the game I was trying to
understand how to play this position with reversed colours, coming from a
Caro-Kann, but without much success.} 9. O-O Bd6 10. Nf3 Be6 11. b3 O-O 12. Bb2 a6 13. Bxc6 {[%emt 0:07:19] I
decided to go for a more forcing line, trying to not lose time withdrawing the
bishop. This exchange is also typical of the Nimzo-Indian.} (13. Be2 Rc8 14.
Rc1 Re8 {Smyslov,V-Petrosian,T Herceg Novi blitz 1970 0-1 is also playable for
both sides and it has been played in a blitz game between two World Champions!}
) 13... bxc6 14. Rc1 c5 {[%emt 0:03:32] If
Black is able to keep the structure like this without bigger problems the
position is more than fine, so I have to attack the pawns immediately.} 15. Na4 Ne4 16. Nd2 Qh4 (16... Nxd2 {was probably better and I was thinking of something like
this:} 17. Qxd2 Rc8 18. Ba3 Qe7 19. Nb6 $5 (19. Qa5 c4 20. Bxd6 Qxd6 21. Qd2 {
is a complex endgame with pluses for both sides.}) 19... Bxh2+ 20. Kxh2 Qd6+
21. f4 Qxb6 22. f5 Qd6+ 23. Kg1 Bd7 24. f6 {with an enjoyable mess.}) 17. f4 (17. g3 {weakens the kingside but it's also ok} Qe7 (17... Nxg3
{gives nothing:} 18. hxg3 Bxg3 19. Nf3 $18) 18. Nxe4 dxe4 19. Qc2 Bh3 20. Rfd1
{and if White doesn't get mated he is better.}) 17... Bg4 18.
Nf3 Qh5 19. Nb6 {[%emt 0:01:35] I have the
feeling that my opponent missed this idea.} Rad8 20. Qxd5 {
[%emt 0:00:37] After this I thought I was much better, but finally things are
not so simple.} Bf5 (20... Rfe8 21. Qxh5 Bxh5 22. Rfd1 f6 23.
Na4 {would also give an advantage for White, but things are far from over.
Black's pieces are quite active.}) 21. Qc6 Qh6 22. Be5 Qe6 23. Nc4 {[%emt 0:04:36]
Missing my opponent's reply.} (23. Rfd1 Bxe5 24. Nxe5 Rxd1+ 25. Rxd1 f6 26.
Qxe6+ Bxe6 27. Nc6 {with a healthy pawn up.}) 23... Rc8 24.
Qa4 (24. Qxa6 Ra8 25. Qc6 Bxe5 26. Qxe6 Bxe6 27. fxe5 Rxa2)
24... Be7 {[%emt 0:01:17] Now my pieces are not so well coordinated, but also
it's not clear what is going to be Black's plan.} 25. Ba1 {[%emt 0:03:36]
Avoiding 25...f6.} h5 (25... f6 26. Nh4 {and without the
bishop, Black has no compensation.} Bg4 $2 27. f5 Qd5 28. Nb6 $18) 26. Nce5 h4 27. Qc4 h3 $6 {[%emt 0:01:
41] Forcing me to enter a line that is good for White.} (27... Rfd8 28. h3 Bf6
{and I'm slightly better, but I was not sure about what to do next.}) 28. g4 $1 Bxg4 29. Qxe4 f6 30. Qc4 {[%emt 0:01:11] A solid way to play, but now Black still has
some compensation for the pawn.} (30. Nh4 $1 {was not so easy to see} fxe5 31.
f5 Qc6 (31... Qh6 32. Ng6 Bg5 33. Rce1 (33. Qxg4 Bxe3+ 34. Kh1 Bxc1 35. f6 Bg5
{is less clear}) 33... Bh5 34. Nxf8 {with decisive advantage.}) 32. Qxg4 Bxh4
33. Bxe5 Bf6 34. Bxf6 Qxf6 35. Qxh3 {and White is just two pawns up.}) 30...
fxe5 31. Nxe5 Qxc4 32. Nxc4 Bf5 $2 (32... g5 {was what I expected} 33. Ne5 (33. Be5 gxf4
34. exf4 $14) 33... Bf5 34. fxg5 Bxg5 35. Rf3 $14) 33. e4 Bd7 34. Nb6 {[%emt 0:00:30] I was playing a bit too quickly and
went for a plan that doesn't work.} (34. f5 Bb5 35. e5 $18) 34... Rcd8 35. Nxd7 $6 (35. Nd5 Bd6 36. Rc3 Bc6 37. Rg3 {
is the best way to proceed and White should win.}) 35... Rxd7 36. Rc3 $6 (36. Be5 Rd2 37. Rf2 Rfd8 38. Rc3 Rd1+ 39. Rf1 R1d3
{and it's not easy for White to prove the advantage.}) 36... Rd2 (36... Bf6 $1 {I saw this immediately when I played} 37. e5 (37. Rcf3 Bxa1
38. Rxa1 Rd2 39. e5 g5 40. f5 Rg2+ 41. Kh1 g4 42. Rff1 Rd8 {with a probable
draw.}) 37... Bxe5 38. fxe5 Rxf1+ 39. Kxf1 Rd1+ 40. Kf2 Rxa1 41. a4 Ra3 42.
Rxc5 Rxb3 43. Ra5 g5 44. Rxa6 Kg7 {and I think Black should hold}) 37. Rxh3 Rxa2 38. Rg3 Rf7 39. f5 Bd6 40. Rg2 Rxg2+ 41. Kxg2 {[%emt 0:00:11] Finally we reached move 40 and
Black's position is hopeless.} Rb7 42. e5 Be7 43. Rf3 Rb4 44. Rg3 Kf8 45. e6 Bf6 46. Bxf6 gxf6 47. Rc3 {[%emt 0:03:51] A
solid continuation, I thought I could take the pawn on f6, but it is better to
play without risk.} (47. Rg6 Rxb3 48. Rxf6+ Ke8 49. Rf7 c4 50. h4) 47... Rb5 {
[%emt 0:00:59] Tricky, threatening ...c4 in some variations.} 48. Kg3 Ke7 (48... c4 {is not enough} 49. bxc4 Rxf5 50. c5 Ke7
51. c6 Kd8 52. c7+ Kc8 53. Re3 Rg5+ 54. Kf4 Rg8 55. e7 Re8 56. Kf5 $18) 49. Kg4 Kd6 50. Rd3+ Ke7 51. Rd5 {[%emt 0:11:48] Entering a winning queen endgame.} Ke8 52. Kh5 c4 53. bxc4 Rxd5 54. cxd5 a5 55.
d6 a4 56. d7+ Ke7 57. Kg6 a3 58. d8=Q+ Kxd8 59. Kf7 a2 60. e7+ Kc7 61. e8=Q a1=Q 62. Qe7+ Kb8 63. h4 1-0